SAA
COLORADO SPRINGS VELOCITY @ GURDON PELICANS
09/15/2019
 
TOP OF THE 1ST
Colorado Springs Velocity batting - Pitching for Gurdon Pelicans : LHP Carlos Méndez
Pitching: LHP Carlos Méndez
Batting: SHB Rúbem Corvo 0-0: Called Strike
0-1: Called Strike
0-2: Strikes out swinging
Batting: RHB Dan Hart 0-0: Swinging Strike
0-1: SINGLE (Groundball, 34D)
Batting: RHB Félix Aguilar 0-0: Called Strike
0-1: Foul Ball, location: 2F
0-2: Ball
1-2: SINGLE (Line Drive, 6MD)
Dan Hart to second
Batting: RHB Robert Hill 0-0: Called Strike
0-1: Called Strike
0-2: Ball
1-2: Ball
2-2: Strikes out looking
Batting: RHB Jorge Quezada 0-0: Called Strike
0-1: Foul Ball, location: 2F
0-2: Strikes out swinging
Top of the 1st over - 0 run(s), 2 hit(s), 0 error(s), 2 left on base; Colorado Springs 0 - Gurdon 0
BOTTOM OF THE 1ST
Gurdon Pelicans batting - Pitching for Colorado Springs Velocity : LHP Rich Lawrence
Pitching: LHP Rich Lawrence
Batting: RHB Alex Maxwell 0-0: Swinging Strike
0-1: Swinging Strike
0-2: Strikes out looking
Batting: RHB Tony Hernández 0-0: Called Strike
0-1: Ball
1-1: Foul Ball, location: 2F
1-2: Strikes out swinging
Batting: RHB Micah Miller 0-0: Ball
1-0: Called Strike
1-1: Ground out 1-3 (Groundball, 13S)
Bottom of the 1st over - 0 run(s), 0 hit(s), 0 error(s), 0 left on base; Colorado Springs 0 - Gurdon 0
TOP OF THE 2ND
Colorado Springs Velocity batting - Pitching for Gurdon Pelicans : LHP Carlos Méndez
Batting: RHB Álex Hernández 0-0: Foul Ball, location: 2F
0-1: Called Strike
0-2: Strikes out swinging
Batting: LHB Qi-zhen Loong 0-0: Called Strike
0-1: Swinging Strike
0-2: Foul Ball, location: 2F
0-2: Ball
1-2: Ball
2-2: Ball
3-2: Ground out 1-3 (Groundball, 23)
Batting: RHB Nathaniel Gault 0-0: Called Strike
0-1: SINGLE (Groundball, 56D)
Batting: LHB Felipe Trujillo 0-0: Ball
1-0: Called Strike
1-1: TRIPLE (Line Drive, 9LS)
Nathaniel Gault scores
Batting: SHB Rúbem Corvo 0-0: Ball
1-0: Called Strike
1-1: Ball
2-1: Fly out, F8 (Flyball, 8LM)
Top of the 2nd over - 1 run(s), 2 hit(s), 0 error(s), 1 left on base; Colorado Springs 1 - Gurdon 0
BOTTOM OF THE 2ND
Gurdon Pelicans batting - Pitching for Colorado Springs Velocity : LHP Rich Lawrence
Batting: SHB Lionel Merlet 0-0: Ball
1-0: Ball
2-0: Foul Ball, location: 2F
2-1: Fly out, F9 (Line Drive, 9M)
Batting: LHB Jesús Reyes 0-0: Ground out 6-3 (Groundball, 6M)
Batting: RHB Bobby Buck 0-0: Ground out 6-3 (Groundball, 6)
Bottom of the 2nd over - 0 run(s), 0 hit(s), 0 error(s), 0 left on base; Colorado Springs 1 - Gurdon 0
TOP OF THE 3RD
Colorado Springs Velocity batting - Pitching for Gurdon Pelicans : LHP Carlos Méndez
Batting: RHB Dan Hart 0-0: Foul Ball, location: 2F
0-1: Ball
1-1: Reached on error, E5 (Groundball, 56)
Batting: RHB Félix Aguilar 0-0: Ball
1-0: Ball
2-0: Foul Ball, location: 2F
2-1: Foul Ball, location: 2F
2-2: Ball
3-2: Base on Balls
Batting: RHB Robert Hill 0-0: Called Strike
0-1: Swinging Strike
0-2: Hit by Pitch
Dan Hart to third
Félix Aguilar to second
Batting: RHB Jorge Quezada 0-0: Ball
1-0: Foul Ball, location: 2F
1-1: Ball
2-1: Ball
3-1: Swinging Strike
3-2: Foul Ball, location: 2F
3-2: Base on Balls
Dan Hart scores
Félix Aguilar to third
Robert Hill to second
Batting: RHB Álex Hernández 0-0: Called Strike
0-1: Ball
1-1: Ball
2-1: Fly out, F6 (Line Drive, 6)
Batting: LHB Qi-zhen Loong 0-0: Ground out 5-3 (Groundball, 56S)
Félix Aguilar scores
Robert Hill to third
Jorge Quezada to second
Batting: RHB Nathaniel Gault 0-0: Swinging Strike
0-1: SINGLE (Groundball, 56D)
Robert Hill scores
Jorge Quezada to third
Runner from 3rd tries for Home, SAFE, no throw or cutoff
Batting: LHB Felipe Trujillo 0-0: Swinging Strike
0-1: Ball
1-1: Ball
2-1: Called Strike
2-2: Foul Ball, location: 2F
2-2: Foul Ball, location: 2F
2-2: Foul Ball, location: 2F
2-2: Strikes out swinging
Top of the 3rd over - 4 run(s), 1 hit(s), 1 error(s), 1 left on base; Colorado Springs 5 - Gurdon 0
BOTTOM OF THE 3RD
Gurdon Pelicans batting - Pitching for Colorado Springs Velocity : LHP Rich Lawrence
Batting: RHB Riley Howard 0-0: SINGLE (Groundball, 34D)
Batting: RHB Ludovico Trezza 0-0: Ball
Riley Howard is caught stealing 2nd base
1-0: Ball
2-0: Ball
3-0: Foul Ball, location: 2F
3-1: Base on Balls
Batting: RHB Martín Álvarez 0-0: Called Strike
0-1: Fly out, F6 (Popup, 8LS)
Batting: RHB Alex Maxwell 0-0: Called Strike
0-1: Swinging Strike
0-2: Foul Ball, location: 2F
0-2: Fly out, F3 (Popup, 3F)
Bottom of the 3rd over - 0 run(s), 1 hit(s), 0 error(s), 1 left on base; Colorado Springs 5 - Gurdon 0
TOP OF THE 4TH
Colorado Springs Velocity batting - Pitching for Gurdon Pelicans : LHP Carlos Méndez
Batting: SHB Rúbem Corvo 0-0: Ball
1-0: Ball
2-0: Ball
3-0: Called Strike
3-1: Foul Ball, location: 2F
3-2: Base on Balls
Batting: RHB Dan Hart 0-0: Ball
1-0: Ball
2-0: Ball
3-0: Called Strike
3-1: Foul Ball, location: 2F
3-2: Foul Ball, location: 2F
3-2: Hit by Pitch
Rúbem Corvo to second
Batting: RHB Félix Aguilar 0-0: Swinging Strike
0-1: Called Strike
0-2: Ball
1-2: Ball
2-2: Foul Ball, location: 2F
2-2: Ball
3-2: Strikes out swinging
Batting: RHB Robert Hill 0-0: Ball
1-0: Called Strike
1-1: Called Strike
1-2: Foul Ball, location: 2F
1-2: Ball
2-2: Ball
3-2: Foul Ball, location: 2F
3-2: Base on Balls
Rúbem Corvo to third
Dan Hart to second
Pitching: LHP Loren Beckham
Batting: RHB Jorge Quezada 0-0: Swinging Strike
0-1: Grounds into double play, 6-4-3 (Groundball, 6)
Top of the 4th over - 0 run(s), 0 hit(s), 0 error(s), 2 left on base; Colorado Springs 5 - Gurdon 0
BOTTOM OF THE 4TH
Gurdon Pelicans batting - Pitching for Colorado Springs Velocity : LHP Rich Lawrence
Batting: RHB Tony Hernández 0-0: Called Strike
0-1: Ball
1-1: Fly out, F8 (Line Drive, 8RM)
Batting: RHB Micah Miller 0-0: Ball
1-0: Foul Ball, location: 2F
1-1: Reached on error, E6 (Groundball, 6M)
Batting: SHB Lionel Merlet 0-0: Ball
1-0: Ball
2-0: Foul Ball, location: 2F
2-1: Foul Ball, location: 2F
2-2: 2-RUN HOME RUN (Flyball, 7LD), Distance : 368 ft
Batting: LHB Jesús Reyes 0-0: Hit by Pitch
Batting: RHB Bobby Buck 0-0: Foul Ball, location: 2F
0-1: Ball
1-1: Fly out, F3 (Popup, 3SF)
Batting: RHB Riley Howard 0-0: Ball
1-0: Called Strike
1-1: Swinging Strike
1-2: Ball
2-2: Foul Ball, location: 2F
2-2: Fielders Choice at 2nd, 5-4 (Groundball, 5)
Bottom of the 4th over - 2 run(s), 1 hit(s), 1 error(s), 0 left on base; Colorado Springs 5 - Gurdon 2
TOP OF THE 5TH
Colorado Springs Velocity batting - Pitching for Gurdon Pelicans : LHP Loren Beckham
Batting: RHB Álex Hernández 0-0: Ball
1-0: Ball
2-0: Ball
3-0: Called Strike
3-1: Called Strike
3-2: Base on Balls
Batting: LHB Qi-zhen Loong 0-0: Called Strike
0-1: Ball
1-1: Fly out, F9 (Line Drive, 9LD)
Batting: RHB Nathaniel Gault 0-0: Ball
1-0: Ball
2-0: Ball
3-0: Called Strike
3-1: Foul Ball, location: 2F
3-2: Strikes out swinging
Batting: LHB Felipe Trujillo 0-0: Foul Ball, location: 2F
0-1: Swinging Strike
0-2: Ball
1-2: Ball
2-2: Foul Ball, location: 2F
2-2: Ball
3-2: Strikes out looking
Top of the 5th over - 0 run(s), 0 hit(s), 0 error(s), 1 left on base; Colorado Springs 5 - Gurdon 2
BOTTOM OF THE 5TH
Gurdon Pelicans batting - Pitching for Colorado Springs Velocity : LHP Rich Lawrence
Batting: RHB Ludovico Trezza 0-0: Called Strike
0-1: Ground out 4-3 (Groundball, 4)
Batting: RHB Martín Álvarez 0-0: Ball
1-0: SINGLE (Line Drive, 6M)
Batting: RHB Alex Maxwell 0-0: Called Strike
0-1: Ball
1-1: Foul Ball, location: 2F
1-2: Strikes out looking
Batting: RHB Tony Hernández 0-0: Ball
1-0: Ball
2-0: DOUBLE (Line Drive, 3L)
Martín Álvarez to third
Runner from 3rd tries for Home, throw and OUT!
Bottom of the 5th over - 0 run(s), 2 hit(s), 0 error(s), 1 left on base; Colorado Springs 5 - Gurdon 2
TOP OF THE 6TH
Colorado Springs Velocity batting - Pitching for Gurdon Pelicans : LHP Loren Beckham
Batting: SHB Rúbem Corvo 0-0: DOUBLE (Flyball, 9LM)
Batting: RHB Dan Hart 0-0: Ball
1-0: Ball
2-0: Ball
3-0: Base on Balls
Batting: RHB Félix Aguilar 0-0: Ball
1-0: Ball
2-0: Ball
3-0: Called Strike
3-1: Foul Ball, location: 2F
3-2: Strikes out swinging
Batting: RHB Robert Hill 0-0: Swinging Strike
0-1: Foul Ball, location: 2F
0-2: Ball
1-2: Ball
2-2: Foul Ball, location: 2F
2-2: Ball
3-2: Base on Balls
Rúbem Corvo to third
Dan Hart to second
Batting: RHB Jorge Quezada 0-0: Fielders Choice at 2nd, 4-6 (Groundball, 34)
Rúbem Corvo scores
Dan Hart to third
Batting: RHB Álex Hernández 0-0: Foul Ball, location: 2F
0-1: Ball
1-1: Swinging Strike
1-2: Foul Ball, location: 2F
1-2: Ball
2-2: DOUBLE (Line Drive, 8LM)
Dan Hart scores
Jorge Quezada to third
Batting: LHB Qi-zhen Loong 0-0: Ball
1-0: Called Strike
1-1: Ball
2-1: Swinging Strike
2-2: Foul Ball, location: 2F
2-2: Strikes out looking
Top of the 6th over - 2 run(s), 2 hit(s), 0 error(s), 2 left on base; Colorado Springs 7 - Gurdon 2
BOTTOM OF THE 6TH
Gurdon Pelicans batting - Pitching for Colorado Springs Velocity : LHP Rich Lawrence
Batting: RHB Micah Miller 0-0: Swinging Strike
0-1: Ball
1-1: SOLO HOME RUN (Flyball, 78XD), Distance : 427 ft
Batting: SHB Lionel Merlet 0-0: Swinging Strike
0-1: Swinging Strike
0-2: Foul Ball, location: 2F
0-2: Ball
1-2: Strikes out swinging
Batting: LHB Jesús Reyes 0-0: Ball
1-0: Ball
2-0: Foul Ball, location: 2F
2-1: Foul Ball, location: 2F
2-2: Foul Ball, location: 2F
2-2: Fly out, F9 (Flyball, 9S)
Batting: RHB Bobby Buck 0-0: Ball
1-0: Ground out 4-3 (Groundball, 4)
Bottom of the 6th over - 1 run(s), 1 hit(s), 0 error(s), 0 left on base; Colorado Springs 7 - Gurdon 3
TOP OF THE 7TH
Colorado Springs Velocity batting - Pitching for Gurdon Pelicans : LHP Loren Beckham
Pitching: RHP Mike Lindsay
Batting: RHB Nathaniel Gault 0-0: Called Strike
0-1: Called Strike
0-2: Strikes out swinging
Batting: LHB Felipe Trujillo 0-0: Called Strike
0-1: SINGLE (Line Drive, 56D)
Batting: SHB Rúbem Corvo 0-0: Called Strike
Felipe Trujillo is caught stealing 2nd base
0-1: Ball
1-1: Ball
2-1: Ground out 6-3 (Groundball, 6MS)
Top of the 7th over - 0 run(s), 1 hit(s), 0 error(s), 0 left on base; Colorado Springs 7 - Gurdon 3
BOTTOM OF THE 7TH
Gurdon Pelicans batting - Pitching for Colorado Springs Velocity : LHP Rich Lawrence
Batting: RHB Riley Howard 0-0: Fly out, F8 (Flyball, 8RM)
Batting: RHB Ludovico Trezza 0-0: Ball
1-0: Called Strike
1-1: Ball
2-1: Ball
3-1: Base on Balls
Batting: RHB Martín Álvarez 0-0: Swinging Strike
0-1: DOUBLE (Flyball, 9LM)
Ludovico Trezza to third
Batting: RHB Alex Maxwell 0-0: Ball
1-0: DOUBLE (Flyball, 78M)
Ludovico Trezza scores
Martín Álvarez scores
Batting: RHB Tony Hernández 0-0: Swinging Strike
0-1: Swinging Strike
0-2: Ground out 6-3 (Groundball, 6)
Alex Maxwell to third
Batting: RHB Micah Miller 0-0: Ball
1-0: SINGLE (Line Drive, 6D)
Alex Maxwell scores
Pitching: LHP Jorge Castillo
Batting: SHB Lionel Merlet 0-0: Swinging Strike
0-1: Ball
1-1: Swinging Strike
1-2: DOUBLE (Flyball, 89D)
Micah Miller to third
Runner from 3rd tries for Home, SAFE, no throw or cutoff
Pinch Hitting: RHB António Alvarado 0-0: Swinging Strike
0-1: Ball
1-1: Called Strike
1-2: DOUBLE (Groundball, 5L)
Lionel Merlet scores
Batting: RHB Bobby Buck 0-0: Fly out, F6 (Popup, 6M)
Bottom of the 7th over - 5 run(s), 5 hit(s), 0 error(s), 1 left on base; Colorado Springs 7 - Gurdon 8
TOP OF THE 8TH
Colorado Springs Velocity batting - Pitching for Gurdon Pelicans : RHP Mike Lindsay
Pitching: RHP Karl Pratt
Now at 1B: Guillermo Martínez
Batting: RHB Dan Hart 0-0: Called Strike
0-1: Swinging Strike
0-2: Ball
1-2: Fly out, F8 (Line Drive, 8RM)
Batting: RHB Félix Aguilar 0-0: Ball
1-0: Called Strike
1-1: Foul Ball, location: 2F
1-2: DOUBLE (Line Drive, 7LS)
Batting: RHB Robert Hill 0-0: Fly out, F8 (Flyball, 8LM)
Pinch Hitting: RHB Jim Unknown 0-0: Ball
1-0: Ball
2-0: Foul Ball, location: 2F
2-1: Ball
3-1: Base on Balls
Batting: RHB Álex Hernández 0-0: Called Strike
0-1: Ball
1-1: Ball
2-1: Foul Ball, location: 2F
2-2: Strikes out swinging
Top of the 8th over - 0 run(s), 1 hit(s), 0 error(s), 2 left on base; Colorado Springs 7 - Gurdon 8
BOTTOM OF THE 8TH
Gurdon Pelicans batting - Pitching for Colorado Springs Velocity : LHP Jorge Castillo
Now at 3B: Jim Unknown
Batting: RHB Riley Howard 0-0: Foul Ball, location: 2F
0-1: Ball
1-1: Called Strike
1-2: Fly out, F8 (Flyball, 8LS)
Batting: RHB Ludovico Trezza 0-0: Ball
1-0: Ground out 5-3 (Groundball, 56S)
Batting: RHB Martín Álvarez 0-0: Swinging Strike
0-1: Swinging Strike
0-2: Ball
1-2: Foul Ball, location: 2F
1-2: Strikes out swinging
Bottom of the 8th over - 0 run(s), 0 hit(s), 0 error(s), 0 left on base; Colorado Springs 7 - Gurdon 8
TOP OF THE 9TH
Colorado Springs Velocity batting - Pitching for Gurdon Pelicans : RHP Karl Pratt
Pitching: LHP Stanton Miranda
Pinch Hitting: LHB Mike Parker 0-0: Foul Ball, location: 2F
0-1: Ball
1-1: Swinging Strike
1-2: Strikes out swinging
Batting: RHB Nathaniel Gault 0-0: Swinging Strike
0-1: Ball
1-1: Ball
2-1: SINGLE (Flyball, 8LM)
Batting: LHB Felipe Trujillo 0-0: Called Strike
0-1: Ball
1-1: Ball
2-1: Foul Ball, location: 2F
2-2: Strikes out swinging
Batting: SHB Rúbem Corvo 0-0: Ball
1-0: Swinging Strike
1-1: SINGLE (Flyball, 9LS)
Nathaniel Gault to second
Runner from 2nd tries for 3rd, SAFE, throw made to third
Batting: RHB Dan Hart 0-0: Called Strike
0-1: Ball
1-1: Foul Ball, location: 2F
1-2: Foul Ball, location: 2F
1-2: Ball
2-2: Foul Ball, location: 2F
2-2: Strikes out swinging
Top of the 9th over - 0 run(s), 2 hit(s), 0 error(s), 2 left on base; Colorado Springs 7 - Gurdon 8
This league is powered by Out of the Park Baseball, the baseball management simulation game for PC, Mac and Linux
Saturday, July 25th, 2015 - OOTP Baseball 15.6 Build 34